 Dungeon Crawl Stone Soup version 0.31-a0-986-g5e6e4ef867 (webtiles) character file.

Game seed: 6724286135056344044

267 Jeffwins the Changeling (level 6, 0/66 (70) HPs)
             Began as a Draconian Shapeshifter on Nov 25, 2023.
             Slain by a river rat (2 damage)
             ... summoned by Eustachio
             ... on level 4 of the Dungeon.
             The game lasted 00:05:54 (3395 turns).

Jeffwins the Changeling (Draconian Shapeshifter)    Turns: 3395, Time: 00:05:55

HP:   0/66 (70)     AC: 23    Str: 16    XL:     6   Next: 0%
MP:   6/6           EV:  2    Int: 12    God:
Gold: 130           SH:  0    Dex: 11    Spells: 5/5 levels left

rFire   + .          .
                       - Unarmed
rCold   . . .        (no shield)
rNeg    + . .        (body armour unavailable)
rPois   +            (helmet currently unavailable)
rElec   .            (cloak currently unavailable)
rCorr   .            (gloves currently unavailable)
SInv    .            (boots currently unavailable)
Will    .....        (no amulet)
Stlth   +            N - ring of positive energy
HPRegen 0.31/turn    F - ring of protection from fire
MPRegen 0.10/turn

%: no passive effects
@: tree-form, drained
A: stationary, stasis, torment immunity, boosted hp, AC +6, unfitting armour,
(cold-blooded)
a: no special abilities


You were on level 4 of the Dungeon.
You were a tree.
You visited 1 branch of the dungeon, and saw 4 of its levels.

You collected 130 gold pieces.


Innate Abilities, Weirdness & Mutations

You are a tree.
Your roots penetrate the ground, keeping you stationary.
You cannot be teleported.
You are immune to unholy pain and torment.
Your maximum health is greatly increased.
Your equipment is partially melded.
((Your plain brown scales are hard. (AC +6)))
You cannot fit into any form of body armour.
((You are cold-blooded and may be slowed by cold attacks.))


   Skills:
 - Level 1.1 Fighting
 + Level 1.7 Throwing
 - Level 1.7 Dodging
 + Level 4.2 Unarmed Combat
 + Level 1.4 Evocations
 * Level 4.9 Shapeshifting


You had 5 spell levels left.
You didn't know any spells.
Your spell library contained the following spells:

 Spells                   Type           Power      Damage    Failure   Level
 Poisonous Vapours        Pois/Air       0%         N/A       45%         2
 Mephitic Cloud           Conj/Pois/Air  0%         N/A       69%         3
 Freezing Cloud           Conj/Ice/Air   0%         6-21      100%        5

Inventory:

Missiles
 d - 17 poisoned darts (quivered)
Jewellery
 F - a ring of protection from fire (right branch)
 N - a ring of positive energy (left branch)
 W - a ring of magical power
Talismans
 b - a beast talisman
 c - a flux talisman (active)
Wands
 m - a wand of charming (8)
Scrolls
 g - a scroll of summoning {unknown}
 k - 2 scrolls of identify {unknown}
 l - 2 scrolls of blinking {unknown}
 q - a scroll of fog {unknown}
 r - a scroll of enchant armour {unknown}
Potions
 a - 2 potions of lignification {!q}
 e - 2 potions of might
 f - 3 potions of curing {unknown}
 h - 2 potions of enlightenment
 i - a potion of magic {unknown}
 j - a potion of mutation {unknown}
 n - a potion of resistance
 o - a potion of brilliance {unknown}
 p - a potion of haste {unknown}

Dungeon Overview and Level Annotations

Branches:
Dungeon (4/15)
 Temple: D:4-7

Altars:
The Shining One

Annotations:
D:4 Eustachio

#..## ###........# #...#
###..........#
#..###............# ####
#..#..............#
...########...<..@..........#
.........###................#
####........................#
#####........5r..........#
##............♣).§........#
#.....>.......rr..........#
##......................†..#
#..........................#
#..........................#
#..[.......................#
##.>........................#
............................#
............................#


You could see Eustachio (misshapen), a river rat (summoned), an ufetubus
(summoned) and 2 rats.


Message History

The ufetubus completely misses you. The ufetubus barely misses you.
The white imp barely misses you.
You smack the white imp!
You kill the white imp!
The white imp disappears in a puff of smoke!
The ufetubus hits you but does no damage. x2
The river rat barely misses you. The rat bites you but does no damage.
The rat completely misses you.
The ufetubus hits you but does no damage. x2
You miss the ufetubus. You punch the ufetubus.
The ufetubus is lightly wounded.
Eustachio casts a spell.
Eustachio blinks!
The rat bites you but does no damage. The river rat completely misses you.
The rat bites you but does no damage.
The ufetubus hits you but does no damage. x2
Unknown command.
You barely miss the ufetubus.
The ufetubus is lightly wounded.
The ufetubus hits you but does no damage. x2
The river rat bites you but does no damage.
The rat bites you but does no damage. x2
Unknown command.
You closely miss the ufetubus.
The ufetubus is lightly wounded.
The ufetubus hits you but does no damage.
The ufetubus hits you.
* * * LOW HITPOINT WARNING * * *
Eustachio mumbles some strange words.
Eustachio blinks!
The river rat bites you.
You die...

Skill      XL: |  1  2  3  4  5 |
---------------+----------------+-----
Shapeshifting  | 4 |  4.9
Throwing       | 1 |  1.7
Unarmed Combat | 4 |  4.2
Evocations     | 1 |  1.4
Fighting       | |  1.1
Dodging        | |  1.7

Action                     |  1- 3 |  4- 6 || total
---------------------------+-------+-------++-------
  Melee: Unarmed           |   106 |   168 ||   274
         Tailslap          |     9 |    18 ||    27
         Punch             |     1 |     4 ||     5
  Throw: Dart              |     3 |       ||     3
    Use: Potion            |     3 |     1 ||     4
   Stab: Sleeping          |     1 |     1 ||     2
 Armour: Skin              |    66 |   138 ||   204
  Dodge: Dodged            |    49 |    99 ||   148
   Form: Flux              |       |     1 ||     1

Levels and vault maps discovered:
D:1:      dpeg_arrival_long_road, layout_basic,
          shapermc_ecumenical_altar_ellora, minmay_misc_feat_hallway
D:2:      layout_loops_ring, chequers_avenue
D:3:      layout_basic, tso_metal_star, minmay_snake_closets
D:4:      layout_cave_pods, uniq_eustachio, uniq_robin

Notes
Turn   | Place    | Note
-------+----------+-------------------------------------------
     0 | D:1      | Jeffwins the Draconian Shapeshifter began the quest for the
                  | Orb.
     0 | D:1      | Reached XP level 1. HP: 16/16 MP: 1/1
   120 | D:1      | HP: 1/16 [goblin/+0 dagger (3)]
   127 | D:1      | Reached XP level 2. HP: 3/23 MP: 2/2
   519 | D:1      | Reached XP level 3. HP: 25/28 MP: 3/3
   697 | D:1      | Found a faded altar of an unknown god.
   935 | D:2      | Reached skill level 4 in Shapeshifting
  1064 | D:2      | Identified a potion of resistance
  1066 | D:2      | HP: 2/28 [poisoned by an adder]
  1232 | D:2      | Reached XP level 4. HP: 22/35 MP: 4/4
  2024 | D:3      | Found a glowing golden altar of the Shining One.
  2187 | D:3      | Reached skill level 1 in Throwing
  2473 | D:3      | Reached XP level 5. HP: 40/40 MP: 5/5
  2493 | D:3      | Reached skill level 4 in Unarmed Combat
  2606 | D:3      | Reached skill level 1 in Evocations
  3109 | D:4      | Noticed Robin
  3126 | D:4      | Killed Robin
  3317 | D:4      | Reached XP level 6. HP: 41/47 MP: 6/6
  3345 | D:4      | Noticed Eustachio
  3389 | D:4      | HP: 6/66 [river rat[Eustachio] (2)]
  3391 | D:4      | HP: 2/66 [river rat[Eustachio] (2)]
  3395 | D:4      | Slain by a river rat

Vanquished Creatures
  A hound (D:4)
  An orc wizard (D:3)
  Robin (D:4)
  A gnoll (D:1)
  9 adders
  4 worms
  8 orcs (D:3)
  5 bats
  2 endoplasms
  2 giant cockroaches
  17 goblins
  8 hobgoblins
  6 kobolds
  4 quokkas
  17 ball pythons
  7 rats
93 creatures vanquished.

Table legend: (Time is in decaauts)
 A = Elapsed time spent in this place.
 B = Non-inter-level travel time spent in this place.
 C = Inter-level travel time spent in this place.
 D = Time resting spent in this place.
 E = Time spent auto-exploring this place.
 F = Levels seen in this place.
 G = Mean time per level.
                   A        B        C        D        E       F      G
               +--------+--------+--------+--------+--------+-----+--------+
         Total |   3374 |   3280 |     94 |     34 |   2598 |   4 |  843.5 |
       Dungeon |   3374 |   3280 |     94 |     34 |   2598 |   4 |  843.5 |
               +--------+--------+--------+--------+--------+-----+--------+

Top non-repeatable levels by time:
     D:3: 1225 daAuts
     D:2: 998 daAuts
     D:1: 784 daAuts
     D:4: 365 daAuts

Table legend:
 A = Non-vault XP
 B = Vault XP
 C = Vault XP percentage of total XP
 D = Non-vault monster count
 E = Vault monster count
 F = Vault count percentage of total count
                 A         B        C        D         E       F
            +---------+---------+-------+---------+---------+-------
      Total |     246 |     136 |  35.6 |      69 |      24 |  25.8
            +---------+---------+-------+---------+---------+-------
        D:1 |      51 |       0 |   0.0 |      23 |       0 |   0.0
        D:2 |      68 |       0 |   0.0 |      20 |       0 |   0.0
        D:3 |      82 |     101 |  55.2 |      22 |      12 |  35.3
        D:4 |      45 |      35 |  43.8 |       4 |      12 |  75.0
            +---------+---------+-------+---------+---------+-------
